cohdb
Replays
Latest Replays
All Replays
Popular Replays
Top Player Replays
Match Explorer
How It Works
Community
CoH3 Stats
Reddit
Sign in to upload your games and track your stats! →
Sign in with Steam
Match 45246284
Unlisted
Match 45246284
Overview
Messages
Build Orders
End
Kradschützen Motorcycle Team
Selects Italian Combined Arms Battlegroup
Selects Bersaglieri Squad
Bersaglieri Squad
Bersaglieri Squad
Panzergrenadier Squad
250 Light Carrier
Construct Light Support Kompanie
Panzerjäger Squad
Selects Bersaglieri Bolster
Fire Support Elements
Flakvierling Half-track
Assault Mechanized Group
Panzerjäger Squad
Selects Breda Model 30 Light Machine Guns
|Lørd|Schwefel
Angst, Potter?
pagep
7k this year for sure
0
0
Comments
sign in to comment!
No comments posted yet!